[Event "ICC tourney 2533 (25 5)"]
[Site "Internet Chess Club"]
[Date "2021.04.24"]
[Round "3"]
[White "PAN, KEVIN:K09-14740822"]
[Black "KALOUDIS, SEAN:K09-15106731"]
[Result "1-0"]
[ICCResult "Black checkmated"]
[WhiteElo "2260"]
[BlackElo "1714"]
[Opening "Sicilian: closed"]
[ECO "B23"]
[NIC "SI.44"]
[Time "15:13:15"]
[PlyCount "147"]
[TimeControl "1500+5"]

1. e4 c5 2. Nc3 d6 3. g3 g6 4. d3 Bg7 5. Bg2 e6 6. Be3 Ne7 7. Qd2 Nbc6 8.
Bh6 O-O 9. h4 d5 10. h5 dxe4 11. hxg6 Qd4 12. gxh7+ Kh8 13. Nge2 Qe5 14.
Bxe4 f5 15. Bg2 Nd4 16. O-O-O Nxe2+ 17. Qxe2 Qf6 18. Bxg7+ Qxg7 19. Rde1
Ng6 20. Qe3 Qc7 21. Qh6 Qf7 22. Bf3 f4 23. gxf4 Nxf4 24. Be4 Nd5 25. Bxd5
exd5 26. Qd6 Bf5 27. Qe5+ Qf6 28. Qxf6+ Rxf6 29. Nxd5 Rf7 30. Re7 Bg6 31.
Re6 Bf5 32. Reh6 Bd7 33. Nf6 Raf8 34. Nxd7 Rxd7 35. R1h2 b6 36. Kd2 Rdf7
37. Kc3 Rf4 38. Rc6 R4f7 39. a4 Rd8 40. b3 Re8 41. Kc4 Kg7 42. Kb5 Rh8 43.
Ka6 Rxh7 44. Rxh7+ Kxh7 45. f4 Kg8 46. Rc8+ Kg7 47. Ra8 Kg6 48. Rxa7 Rxf4
49. Kxb6 Rf2 50. Kxc5 Rxc2+ 51. Kb4 Rc6 52. a5 Rd6 53. Kc4 Kf5 54. Rb7 Kf4
55. b4 Ke3 56. Re7+ Kd2 57. d4 Kc2 58. b5 Kb2 59. a6 Rd8 60. a7 Rc8+ 61.
Kd5 Kb3 62. b6 Rd8+ 63. Kc6 Rxd4 64. a8=Q Rc4+ 65. Kd5 Rb4 66. Re3+ Kc2 67.
Qa2+ Kd1 68. Rh3 Rb5+ 69. Kc4 Re5 70. Rh1+ Re1 71. Rxe1+ Kxe1 72. b7 Kd1
73. b8=Q Ke1 74. Qbb1# { Black checkmated } 1-0

[Event "ICC tourney 2533 (25 5)"]
[Site "Internet Chess Club"]
[Date "2021.04.24"]
[Round "3"]
[White "MELILLO, LUCIUS:K09-15570195"]
[Black "BALU, JAYANTH:K09-15760188"]
[Result "0-1"]
[ICCResult "White checkmated"]
[WhiteElo "1881"]
[BlackElo "940"]
[Opening "QGD: Albin counter-gambit"]
[ECO "D08"]
[NIC "QG.02"]
[Time "15:12:38"]
[PlyCount "130"]
[TimeControl "1500+5"]

1. d4 d5 2. c4 e5 3. dxe5 d4 4. Nf3 Nc6 5. a3 Bf5 6. Bf4 Nge7 7. Nbd2 Ng6
8. Bg3 Qd7 9. Qa4 O-O-O 10. O-O-O Be7 11. b4 Qe6 12. Qb3 Ncxe5 13. e4 dxe3
14. Qxe3 Nd3+ 15. Bxd3 Rxd3 16. Qxe6+ Bxe6 17. Kb2 Bf6+ 18. Ka2 Rhd8 19.
Rhe1 Bxc4+ 20. Nxc4 Rxd1 21. Nd6+ R8xd6 22. Bxd6 Rxe1 23. Nxe1 cxd6 24. Nd3
Kc7 25. Kb3 Kc6 26. a4 Ne5 27. Nf4 d5 28. f3 g6 29. Kc2 Nc4 30. Kb3 Be5 31.
Ne2 Bxh2 32. g3 Nd2+ 33. Kb2 Nxf3 34. Kc3 d4+ 35. Kd3 Kd5 36. Nf4+ Ke5 37.
Ke2 Bxg3 38. Nd3+ Ke4 39. Nc5+ Kf4 40. Nxb7 Ne5 41. Nc5 d3+ 42. Kd2 Bf2 43.
Nxd3+ Nxd3 44. Kxd3 h5 45. Ke2 Bg1 46. a5 a6 47. Kf1 Bd4 48. Ke2 h4 49. b5
axb5 50. a6 h3 51. Kf1 Kg3 52. a7 Bxa7 53. Ke2 h2 54. Kd3 h1=Q 55. Kc3 Qf3+
56. Kb4 Qf4+ 57. Kb3 Qd4 58. Kc2 Kf3 59. Kc1 Ke3 60. Kc2 Qd3+ 61. Kc1 Qd2+
62. Kb1 Qh2 63. Ka1 Kd3 64. Kb1 Kc3 65. Ka1 Qb2# { White checkmated } 0-1

[Event "ICC tourney 2533 (25 5)"]
[Site "Internet Chess Club"]
[Date "2021.04.24"]
[Round "3"]
[White "MARTIN, DREW:K09-16062286"]
[Black "CHUNG, JACOB:K09-16350401"]
[Result "1-0"]
[ICCResult "Black resigns"]
[WhiteElo "1903"]
[BlackElo "1434"]
[Opening "Ruy Lopez: Möller defense"]
[ECO "C78"]
[NIC "RL.12"]
[Time "15:12:16"]
[PlyCount "71"]
[TimeControl "1500+5"]

1. e4 e5 2. Nf3 Nc6 3. Bb5 a6 4. Ba4 Nf6 5. O-O Bc5 6. Nxe5 Nxe5 7. d4 Bd6
8. dxe5 Bxe5 9. f4 Bd4+ 10. Qxd4 b5 11. Bb3 d6 12. c4 c5 13. Qe3 O-O 14.
Nc3 Qb6 15. Nd5 Nxd5 16. cxd5 Re8 17. Re1 Bf5 18. e5 Re7 19. Qf2 Rae8 20.
Be3 Rc8 21. Rac1 h6 22. Red1 Bg4 23. Rd2 Rce8 24. Qh4 Bf5 25. Bf2 Qa5 26.
Rdd1 c4 27. Bc2 Bxc2 28. Rxc2 dxe5 29. fxe5 Rxe5 30. d6 g5 31. Qg3 Qd8 32.
d7 R8e7 33. Rcd2 f6 34. Qf3 f5 35. Qc6 Kg7 36. Bd4 { Black resigns } 1-0

[Event "ICC tourney 2533 (25 5)"]
[Site "Internet Chess Club"]
[Date "2021.04.24"]
[Round "3"]
[White "ROMANYUK, NIKITA:K09-16682244"]
[Black "WENZHI GUO, MICHAEL:K09-16316494"]
[Result "0-1"]
[ICCResult "White checkmated"]
[WhiteElo "166"]
[BlackElo "914"]
[Opening "Four knights: Gunsberg variation"]
[ECO "C47"]
[NIC "KP.06"]
[Time "15:14:28"]
[PlyCount "134"]
[TimeControl "1500+5"]

1. e4 e5 2. Nf3 Nc6 3. Nc3 Nf6 4. a3 d6 5. Bb5 Bd7 6. Bc4 Bg4 7. h3 Bxf3 8.
Qxf3 g6 9. Bb5 Bg7 10. d3 O-O 11. Bxc6 bxc6 12. O-O d5 13. Bg5 d4 14. Ne2
c5 15. Ng3 Qd6 16. Rfe1 Rfe8 17. Nf1 Rab8 18. b3 Ra8 19. Nh2 Qe6 20. Ng4
Nxg4 21. hxg4 Rf8 22. Qg3 f5 23. gxf5 gxf5 24. exf5 Rxf5 25. f3 Qg6 26. Bh4
Qxg3 27. Bxg3 a5 28. b4 axb4 29. axb4 Rxa1 30. Rxa1 cxb4 31. Ra8+ Rf8 32.
Ra7 Rc8 33. Rb7 c5 34. Bh4 Rc6 35. Rb8+ Kf7 36. Rb7+ Kg6 37. Ra7 Bf6 38.
Bxf6 Rxf6 39. Rc7 Ra6 40. Rxc5 Ra1+ 41. Kf2 Kf5 42. g4+ Kf6 43. Rc7 Kg6 44.
Re7 Ra2 45. Rxe5 Rxc2+ 46. Re2 Rxe2+ 47. Kxe2 Kg5 48. Kd2 Kf4 49. Ke2 b3
50. Kd2 Kxf3 51. g5 Kf4 52. Kc1 Kxg5 53. Kb2 h5 54. Kxb3 h4 55. Kc4 h3 56.
Kxd4 h2 57. Kc5 h1=Q 58. d4 Qc1+ 59. Kd6 Qc4 60. d5 Kf5 61. Kd7 Qxd5+ 62.
Kc7 Qe6 63. Kb8 Qd7 64. Ka8 Ke6 65. Kb8 Kd6 66. Ka8 Kc6 67. Kb8 Qb7# {
White checkmated } 0-1

[Event "ICC tourney 2533 (25 5)"]
[Site "Internet Chess Club"]
[Date "2021.04.24"]
[Round "3"]
[White "SHAH, ARSH:K09-17096480"]
[Black "CHAMESH, AKUL:K09-16661211"]
[Result "1-0"]
[ICCResult "Black checkmated"]
[WhiteElo "1687"]
[BlackElo "916"]
[Opening "Sicilian: accelerated fianchetto, modern variation"]
[ECO "B34"]
[NIC "SI.33"]
[Time "15:14:28"]
[PlyCount "93"]
[TimeControl "1500+5"]

1. e4 c5 2. Nf3 Nc6 3. d4 cxd4 4. Nxd4 g6 5. Nc3 Bg7 6. Be3 d6 7. Bc4 Nf6
8. f3 a6 9. Qd2 Bd7 10. g4 Rb8 11. h4 b5 12. Bb3 Ne5 13. Rf1 a5 14. a3 Qc8
15. Qe2 Nc4 16. Bxc4 bxc4 17. Rb1 e5 18. h5 exd4 19. h6 dxe3 20. hxg7 Rg8
21. Qxe3 Rxg7 22. Qd4 Qd8 23. g5 Nh5 24. Qxd6 Rb6 25. Qd5 Qc7 26. Qxa5 Qg3+
27. Rf2 Qc7 28. Nd5 Qc8 29. Qxb6 Ng3 30. Nf6+ Ke7 31. Nxd7 Qxd7 32. Rd1 Qc8
33. Qd6+ Ke8 34. Qxg3 Rg8 35. Qe5+ Kf8 36. Rfd2 Qe8 37. Qxe8+ Kxe8 38. Rd8+
Ke7 39. Rxg8 Ke6 40. a4 Ke5 41. a5 Kf4 42. a6 Kxf3 43. a7 Kf4 44. a8=Q Kxg5
45. Qd5+ Kh6 46. Rd2 g5 47. Qxg5# { Black checkmated } 1-0

[Event "ICC tourney 2533 (25 5)"]
[Site "Internet Chess Club"]
[Date "2021.04.24"]
[Round "3"]
[White "DANIEL VON HOFF, CHRISTOPHER:K09-15127660"]
[Black "JIANG, NICHOLAS:K09-15273385"]
[Result "0-1"]
[ICCResult "White checkmated"]
[WhiteElo "1529"]
[BlackElo "1985"]
[Opening "Vienna game"]
[ECO "C26"]
[NIC "VG.02"]
[Time "15:14:03"]
[PlyCount "108"]
[TimeControl "1500+5"]

1. e4 e5 2. Bc4 Nf6 3. Nc3 Bc5 4. d3 Nc6 5. Bg5 h6 6. Bh4 O-O 7. Nf3 Be7 8.
O-O d6 9. h3 a6 10. Nh2 b5 11. Bb3 Nd4 12. Ne2 Nxb3 13. axb3 d5 14. exd5
Qxd5 15. Nc3 Qe6 16. Re1 Bb7 17. Nf3 Nd7 18. Bxe7 Qxe7 19. d4 e4 20. Nd2 f5
21. f3 e3 22. f4 Qd6 23. Rxe3 Qxf4 24. Rd3 Rae8 25. Qf1 Qg5 26. Nf3 Qg6 27.
Re1 Be4 28. Rd2 Bxf3 29. Rxe8 Qxe8 30. gxf3 Nf6 31. Qe2 Qg6+ 32. Qg2 Qf7
33. Re2 b4 34. Na4 Nh5 35. Qh2 f4 36. Re5 Ng3 37. Nc5 Re8 38. Ne4 Rxe5 39.
dxe5 Nxe4 40. fxe4 Qg6+ 41. Qg2 Qxg2+ 42. Kxg2 Kf7 43. Kf3 g5 44. c3 Ke6
45. h4 Kxe5 46. h5 g4+ 47. Kxg4 Kxe4 48. Kh3 f3 49. Kh2 Ke3 50. Kg1 Ke2 51.
cxb4 f2+ 52. Kh2 f1=Q 53. b5 Kf2 54. bxa6 Qg2# { White checkmated } 0-1

[Event "ICC tourney 2533 (25 5)"]
[Site "Internet Chess Club"]
[Date "2021.04.24"]
[Round "3"]
[White "HE, STEPHEN:K09-14726703"]
[Black "UPADHYAY, PUNYAVRAT:K09-15975172"]
[Result "1-0"]
[ICCResult "Black resigns"]
[WhiteElo "2066"]
[BlackElo "1546"]
[Opening "Sicilian: Pelikan (Lasker/Sveshnikov) variation"]
[ECO "B33"]
[NIC "SI.35"]
[Time "15:13:45"]
[PlyCount "87"]
[TimeControl "1500+5"]

1. e4 c5 2. Nf3 Nc6 3. d4 cxd4 4. Nxd4 Nf6 5. Nc3 e5 6. Nb3 Bb4 7. Bd3 d5
8. exd5 Nxd5 9. Bd2 O-O 10. Nxd5 Qxd5 11. O-O Be6 12. Be3 Nd4 13. Nxd4 exd4
14. Bxd4 Rad8 15. c3 Bc5 16. Bxc5 Qxc5 17. Qc2 h6 18. a3 Rfe8 19. Rfe1 Qg5
20. Be4 Re7 21. Rad1 Red7 22. Rxd7 Rxd7 23. Bd3 Kf8 24. Qe2 Re7 25. b4 Kg8
26. Qe4 g6 27. g3 Qd2 28. c4 Rd7 29. Bf1 Rd4 30. Qe3 Qxe3 31. fxe3 Rd2 32.
Re2 Rd1 33. c5 Ra1 34. Kf2 Bc4 35. Re1 Ra2+ 36. Kf3 Bxf1 37. Rxf1 Rxh2 38.
Rd1 Ra2 39. Rd7 Rxa3 40. Rxb7 a5 41. c6 Rc3 42. c7 Kg7 43. bxa5 Kf6 44. a6
{ Black resigns } 1-0

[Event "ICC tourney 2533 (25 5)"]
[Site "Internet Chess Club"]
[Date "2021.04.24"]
[Round "3"]
[White "MIYASAKA, JULIA:K09-14751032"]
[Black "PARK, EVAN:K09-15748464"]
[Result "1/2-1/2"]
[ICCResult "Game drawn by mutual agreement"]
[WhiteElo "1746"]
[BlackElo "2322"]
[Opening "Robatsch defense"]
[ECO "B06"]
[NIC "KF.05"]
[Time "15:12:38"]
[PlyCount "47"]
[TimeControl "1500+5"]

1. e4 g6 2. d4 Bg7 3. Nc3 a6 4. Be3 b5 5. Qd2 Bb7 6. f3 d6 7. g4 h6 8. h4
Nd7 9. O-O-O Rc8 10. Kb1 c5 11. dxc5 Nxc5 12. Nd5 e6 13. Nf4 Na4 14. Nd3
Ne7 15. Ne2 d5 16. e5 Nb6 17. Bd4 Nc4 18. Qe1 Nc6 19. f4 Qc7 20. Qf2 b4 21.
Bg2 Nxd4 22. Nxd4 Qb6 23. Rhf1 Qc7 24. f5 { Game drawn by mutual agreement
} 1/2-1/2

[Event "ICC tourney 2533 (25 5)"]
[Site "Internet Chess Club"]
[Date "2021.04.24"]
[Round "3"]
[White "NI, DAVID:K09-16357865"]
[Black "SHARMA, JEENAL:K09-16875641"]
[Result "1-0"]
[ICCResult "Black resigns"]
[WhiteElo "1453"]
[BlackElo "686"]
[Opening "Giuoco Pianissimo: Italian four knights variation"]
[ECO "C55"]
[NIC "IG.01"]
[Time "15:14:03"]
[PlyCount "169"]
[TimeControl "1500+5"]

1. e4 e5 2. Nf3 Nc6 3. Bc4 Nf6 4. d3 Bc5 5. Nc3 O-O 6. Bg5 h6 7. Bh4 Be7 8.
Bg3 Bb4 9. Bxe5 Nxe5 10. Nxe5 d6 11. Ng6 Re8 12. O-O Bd7 13. a3 Bxc3 14.
bxc3 Be6 15. Bxe6 Rxe6 16. Nf4 Re8 17. Qb1 Qc8 18. f3 b6 19. Qb3 Qa6 20.
Rfb1 Rab8 21. Qb5 Qb7 22. a4 a6 23. Qb3 a5 24. c4 Qc6 25. Nd5 Nxd5 26. cxd5
Qc5+ 27. Kf1 Re5 28. c3 Qe3 29. Qd1 f5 30. Qe2 Qg5 31. d4 Ree8 32. Qc2 fxe4
33. fxe4 Rf8+ 34. Kg1 Rbe8 35. Re1 Rf4 36. Re2 Qg6 37. Rae1 Ref8 38. Qb1
Qf7 39. g3 Rf3 40. Re3 Rf2 41. R3e2 Rf3 42. Qc1 g5 43. Rg2 Rd3 44. Rf1
Qxf1+ 45. Qxf1 Rxf1+ 46. Kxf1 Rxc3 47. e5 Rc4 48. e6 Kf8 49. Rf2+ Ke7 50.
Rf7+ Ke8 51. Rh7 Rxd4 52. Rxc7 Rxa4 53. Rb7 Rd4 54. Rxb6 Rxd5 55. Rb7 Re5
56. Ra7 Rxe6 57. Rxa5 Kd7 58. Ra2 Kc6 59. Re2 Rxe2 60. Kxe2 d5 61. Kd3 Kd6
62. Kd4 Kc6 63. g4 Kd6 64. h3 Kc6 65. Kd3 Kc5 66. Kc3 Kd6 67. Kd4 Kc6 68.
Kd3 Kd6 69. Kd4 Ke6 70. Kd3 Ke5 71. Ke3 d4+ 72. Kd3 Kd5 73. Kd2 Ke4 74. Ke2
d3+ 75. Kd2 Kd4 76. Kd1 Ke3 77. Ke1 d2+ 78. Kd1 Kd3 79. h4 gxh4 80. g5 Kc3
81. gxh6 h3 82. h7 h2 83. h8=Q+ Kd3 84. Qxh2 Kc3 85. Qxd2+ { Black resigns
} 1-0

[Event "ICC tourney 2533 (25 5)"]
[Site "Internet Chess Club"]
[Date "2021.04.24"]
[Round "3"]
[White "SMITH, SILAS:K09-15797197"]
[Black "SETHURAMAN, SANDEEP:K09-15472832"]
[Result "1-0"]
[ICCResult "Black resigns"]
[WhiteElo "1694"]
[BlackElo "2194"]
[Opening "QGD semi-Slav: accelerated Meran (Alekhine variation)"]
[ECO "D45"]
[NIC "SL.08"]
[Time "15:13:18"]
[PlyCount "53"]
[TimeControl "1500+5"]

1. d4 d5 2. c4 c6 3. Nc3 Nf6 4. e3 e6 5. Nf3 a6 6. Qc2 c5 7. Bd3 Nc6 8.
dxc5 dxc4 9. Bxc4 Bxc5 10. O-O O-O 11. a3 Qe7 12. b4 Ba7 13. Bb2 Bd7 14.
Rfd1 Rfd8 15. Ne4 Nxe4 16. Qxe4 f6 17. Rac1 Kh8 18. Ng5 g6 19. Qf4 Rf8 20.
Rxd7 Qxd7 21. Bxf6+ Rxf6 22. Qxf6+ Qg7 23. Nf7+ Kg8 24. Qxe6 Rf8 25. Qd7
Rb8 26. Nd8+ Kh8 27. Qe8+ { Black resigns } 1-0

[Event "ICC tourney 2533 (25 5)"]
[Site "Internet Chess Club"]
[Date "2021.04.24"]
[Round "3"]
[White "ETHAN LU, ALAN:K09-15478737"]
[Black "LANDE SHUMAN, NATHANIEL:K09-14782020"]
[Result "0-1"]
[ICCResult "White checkmated"]
[WhiteElo "1649"]
[BlackElo "2133"]
[Opening "Queen's gambit accepted"]
[ECO "D20"]
[NIC "QG.03"]
[Time "15:12:45"]
[PlyCount "110"]
[TimeControl "1500+5"]

1. d4 d5 2. c4 dxc4 3. e3 a6 4. Bxc4 e6 5. Nf3 Nf6 6. O-O b5 7. Bd3 Bb7 8.
a3 c5 9. dxc5 Bxc5 10. Nc3 O-O 11. e4 Qc7 12. Qe2 Nbd7 13. Be3 Rac8 14.
Rac1 Qb6 15. Rfe1 Rfd8 16. b4 Bxe3 17. Qxe3 Qxe3 18. Rxe3 Nb6 19. h3 Na4
20. Na2 Nb2 21. Rxc8 Rxc8 22. Nd2 Rd8 23. Nc1 g5 24. e5 Nd5 25. Rg3 Nf4 26.
Rxg5+ Kf8 27. Ne4 Nbxd3 28. Nd6 Bd5 29. Nxd3 Nxd3 30. Rh5 Nxe5 31. Nxb5
axb5 32. Rxe5 Bc4 33. Re3 Rd3 34. Re4 Rxa3 35. Rh4 Rb3 36. Rxh7 Rxb4 37.
Rh4 Rb1+ 38. Kh2 Bd5 39. Rd4 b4 40. h4 b3 41. h5 Rf1 42. Rd2 Rc1 43. h6 Rc2
44. Rd3 b2 45. Rg3 Be4 46. Rb3 Rxf2 47. Rb8+ Ke7 48. Kg3 Rxg2+ 49. Kh3 Rd2
50. Rb7+ Bxb7 51. h7 b1=Q 52. h8=Q Qh1+ 53. Kg3 Qf3+ 54. Kh4 Rh2+ 55. Kg5
Qf5# { White checkmated } 0-1

[Event "ICC tourney 2533 (25 5)"]
[Site "Internet Chess Club"]
[Date "2021.04.24"]
[Round "3"]
[White "SINGH, HERSH:K09-15024326"]
[Black "NAVEEN, AARUSH:K09-16031675"]
[Result "1/2-1/2"]
[ICCResult "Game drawn by repetition"]
[WhiteElo "2240"]
[BlackElo "1686"]
[Opening "King's Indian defense"]
[ECO "E60"]
[NIC "KI.80"]
[Time "15:14:07"]
[PlyCount "87"]
[TimeControl "1500+5"]

1. d4 Nf6 2. c4 g6 3. f3 Nh5 4. Bg5 Bg7 5. Nc3 c5 6. d5 h6 7. Bh4 d6 8. e4
O-O 9. Qd2 g5 10. Bf2 Bd7 11. Nge2 a6 12. a4 f5 13. exf5 Rxf5 14. g4 Rxf3
15. gxh5 Qf8 16. Ng3 Bxc3 17. bxc3 Qf6 18. Bg2 Rxf2 19. Ne4 Rxd2 20. Nxf6+
exf6 21. Kxd2 Bg4 22. Rab1 Nd7 23. Rxb7 Ne5 24. Rf1 Nxc4+ 25. Kc1 Re8 26.
Bf3 Bxf3 27. Rxf3 Rf8 28. Rf2 f5 29. Re2 Ne5 30. Rb6 f4 31. Rxd6 f3 32.
Rxe5 f2 33. Rg6+ Kh7 34. Re7+ Kh8 35. Rxh6+ Kg8 36. Rg6+ Kh8 37. Rh6+ Kg8
38. Rg6+ Kh8 39. Rh6+ Kg8 40. Rg6+ Kh8 41. Rh6+ Kg8 42. Rg6+ Kh8 43. Rh6+
Kg8 44. Rg6+ { Game drawn by repetition } 1/2-1/2

[Event "ICC tourney 2533 (25 5)"]
[Site "Internet Chess Club"]
[Date "2021.04.24"]
[Round "3"]
[White "LIU, CATHERINE:K09-15277304"]
[Black "SILVA, JAVIER:K09-16089208"]
[Result "0-1"]
[ICCResult "White checkmated"]
[WhiteElo "1143"]
[BlackElo "1889"]
[Opening "Caro-Kann: classical variation"]
[ECO "B18"]
[NIC "CK.10"]
[Time "15:12:39"]
[PlyCount "118"]
[TimeControl "1500+5"]

1. e4 c6 2. d4 d5 3. Nc3 dxe4 4. Nxe4 Bf5 5. Nc3 e6 6. Bd3 Bxd3 7. Qxd3 Nf6
8. Nf3 Nbd7 9. Be3 Bd6 10. O-O O-O 11. Ne4 Nxe4 12. Qxe4 Nf6 13. Qd3 Qc7
14. Bg5 Nd5 15. a3 Bf4 16. Bxf4 Nxf4 17. Qe4 Rad8 18. Rfd1 Ng6 19. c4 Rd7
20. g3 Rfd8 21. b4 b6 22. Rd2 c5 23. bxc5 bxc5 24. d5 exd5 25. Rxd5 Rxd5
26. cxd5 Qb7 27. Rd1 Ne7 28. Qc4 Rxd5 29. Rxd5 Qxd5 30. Qe2 Ng6 31. Kg2 c4
32. Qc2 Ne5 33. Qf5 f6 34. g4 Kf7 35. Kg3 Qxf3+ 36. Qxf3 Nxf3 37. Kxf3 Kg6
38. Ke3 Kg5 39. Kd4 Kxg4 40. Kxc4 Kf3 41. Kb5 Kxf2 42. Ka6 Kg1 43. Kxa7 f5
44. a4 f4 45. a5 f3 46. a6 f2 47. Kb7 f1=Q 48. a7 Qb5+ 49. Kc8 Qa6+ 50. Kb8
Qb6+ 51. Kc8 Qxa7 52. Kd8 Kf2 53. Ke8 Kf3 54. Kf8 g5 55. Kg8 h5 56. Kh8 Kf4
57. Kg8 Kf5 58. Kf8 Kf6 59. Kg8 Qg7# { White checkmated } 0-1

[Event "ICC tourney 2533 (25 5)"]
[Site "Internet Chess Club"]
[Date "2021.04.24"]
[Round "3"]
[White "HUSTON, GUS:K09-14921551"]
[Black "COOKE, GRAYSON:K09-15001077"]
[Result "1-0"]
[ICCResult "Black resigns"]
[WhiteElo "2243"]
[BlackElo "1713"]
[Opening "French: Tarrasch, Botvinnik variation"]
[ECO "C05"]
[NIC "FR.17"]
[Time "15:12:45"]
[PlyCount "75"]
[TimeControl "1500+5"]

1. e4 e6 2. d4 d5 3. Nd2 Nf6 4. e5 Nfd7 5. Bd3 c5 6. c3 b6 7. Ne2 Ba6 8.
Bxa6 Nxa6 9. O-O Be7 10. f4 f6 11. exf6 Nxf6 12. Nf3 O-O 13. Ng3 Nc7 14.
Qd3 c4 15. Qe2 Bd6 16. Bd2 b5 17. Rae1 Qc8 18. Ng5 Re8 19. Nh5 Qd8 20.
Nxf6+ Qxf6 21. Rf2 g6 22. Qe3 Re7 23. Qh3 Rae8 24. g3 a5 25. Rfe2 b4 26.
Nf3 Nb5 27. Kg2 bxc3 28. bxc3 Ba3 29. Ne5 Rc8 30. Ng4 Qf8 31. Rxe6 Rxe6 32.
Rxe6 Be7 33. f5 gxf5 34. Nh6+ Kh8 35. Bf4 Bd6 36. Rxd6 Nxd6 37. Bxd6 Qf6
38. Be5 { Black resigns } 1-0

[Event "ICC tourney 2533 (25 5)"]
[Site "Internet Chess Club"]
[Date "2021.04.24"]
[Round "3"]
[White "BRUM, CHARLES:K09-30020736"]
[Black "GU LIN, BENJAMIN:K09-15976160"]
[Result "0-1"]
[ICCResult "White resigns"]
[WhiteElo "910"]
[BlackElo "1496"]
[Opening "Giuoco Piano"]
[ECO "C50"]
[NIC "IG.02"]
[Time "15:13:27"]
[PlyCount "95"]
[TimeControl "1500+5"]

1. e4 e5 2. Nf3 Nc6 3. Bc4 Bc5 4. O-O Nf6 5. d3 O-O 6. Nc3 d6 7. Be3 Bb6 8.
h3 Be6 9. Bb3 Qd7 10. Qd2 Rad8 11. Nd5 Bxd5 12. Bxd5 Nxd5 13. exd5 Ne7 14.
c4 Rfe8 15. Rfe1 Ng6 16. d4 exd4 17. Nxd4 Ne5 18. b3 a5 19. Bg5 Ra8 20. Nb5
a4 21. Nc3 axb3 22. axb3 Rxa1 23. Rxa1 Qf5 24. Qf4 Bxf2+ 25. Qxf2 Qxg5 26.
Qf1 Qe3+ 27. Kh2 Qxc3 28. Rb1 Ng6 29. Qf5 Qe5+ 30. Qxe5 Rxe5 31. Ra1 Re3
32. Rb1 Ne5 33. Ra1 f6 34. Rb1 Rc3 35. Kh1 Nd7 36. Kh2 Nc5 37. b4 Nd3 38.
Ra1 Rxc4 39. Ra8+ Kf7 40. Rc8 Nxb4 41. Rd8 Nxd5 42. Rd7+ Kg6 43. Kg3 b5 44.
Kf2 b4 45. Rd8 b3 46. Rb8 Nb4 47. Rb5 b2 48. Rxb4 { White resigns } 0-1

[Event "ICC tourney 2533 (25 5)"]
[Site "Internet Chess Club"]
[Date "2021.04.24"]
[Round "3"]
[White "KANKEYAN, RISHEETH:K09-16597998"]
[Black "GOLSEFIDY, SEPEHR:K09-16686975"]
[Result "1-0"]
[ICCResult "Black resigns"]
[WhiteElo "1055"]
[BlackElo "1882"]
[Opening "Scotch: Schmidt variation"]
[ECO "C45"]
[NIC "SO.04"]
[Time "15:12:12"]
[PlyCount "127"]
[TimeControl "1500+5"]

1. e4 e5 2. Nf3 Nc6 3. d4 exd4 4. Nxd4 Nf6 5. Nc3 Bb4 6. f3 O-O 7. Nxc6
bxc6 8. Bd2 d5 9. Bd3 Bxc3 10. Bxc3 dxe4 11. fxe4 Re8 12. O-O Re6 13. Bc4
Rd6 14. Qf3 Bg4 15. Qf4 Rd4 16. Bd3 Bh5 17. Bxd4 Qxd4+ 18. Kh1 Bg6 19. Rae1
Re8 20. e5 Qxf4 21. Rxf4 Nd5 22. Rc4 Re6 23. Bxg6 hxg6 24. g3 Kh7 25. Rh4+
Kg8 26. c4 Nb6 27. b3 g5 28. Rhe4 Kh7 29. Kg2 Kg6 30. h4 gxh4 31. gxh4 Kf5
32. Kg3 Nd7 33. Rf4+ Kg6 34. Rg4+ Kh6 35. Rge4 Nc5 36. R4e3 Kg6 37. Rg1 f6
38. h5+ Kf7 39. Kf4 fxe5+ 40. Kg5 e4 41. Rf1+ Ke7 42. Rf5 Nb7 43. Kf4 Nd6
44. Re5 c5 45. Rxe6+ Kxe6 46. Rg3 Kf7 47. Ke5 Ne8 48. Kxe4 Nf6+ 49. Ke3
Nxh5 50. Rg5 Nf6 51. Rxc5 Ne8 52. Ra5 Kf6 53. Rxa7 g5 54. a4 Ke5 55. Ra5+
Kd6 56. Rxg5 Nf6 57. Rg6 Ke5 58. Rg5+ Ke6 59. Rg6 Ke5 60. Rxf6 Kxf6 61. a5
Ke6 62. a6 Kd6 63. a7 Kc5 64. a8=Q { Black resigns } 1-0

[Event "ICC tourney 2533 (25 5)"]
[Site "Internet Chess Club"]
[Date "2021.04.24"]
[Round "3"]
[White "AWAD, RANIA:K09-16554882"]
[Black "RAJARAM, ANIKA:K09-15446678"]
[Result "1/2-1/2"]
[ICCResult "Game drawn by repetition"]
[WhiteElo "1442"]
[BlackElo "1858"]
[Opening "QGD: exchange, positional line, 5...c6"]
[ECO "D35"]
[NIC "QO.16"]
[Time "15:14:17"]
[PlyCount "73"]
[TimeControl "1500+5"]

1. d4 d5 2. c4 e6 3. Nc3 Nf6 4. cxd5 exd5 5. Bg5 c6 6. e3 Be7 7. Bd3 O-O 8.
Nge2 Nbd7 9. O-O Re8 10. Qc2 Nf8 11. Rad1 h6 12. Bh4 Bg4 13. f3 Be6 14. Bf2
Rc8 15. e4 dxe4 16. fxe4 Qc7 17. Bg3 Qb6 18. Qb1 Ng4 19. Bf2 Nxf2 20. Rxf2
Bg5 21. Rf3 Ng6 22. Kh1 Rcd8 23. Bc2 Bg4 24. Rff1 Qa5 25. b4 Qc7 26. Bb3
Re7 27. e5 Nh4 28. a3 Qc8 29. Qa2 Bh5 30. Rde1 Qg4 31. Ng3 Bg6 32. d5 cxd5
33. Nxd5 Ree8 34. Nc7 Re7 35. Nd5 Ree8 36. Nc7 Re7 37. Nd5 { Game drawn by
repetition } 1/2-1/2

[Event "ICC tourney 2533 (25 5)"]
[Site "Internet Chess Club"]
[Date "2021.04.24"]
[Round "3"]
[White "SAMMONS, EVAN:K09-16792076"]
[Black "MICHAEL JONES, RILEY:K09-16250692"]
[Result "1/2-1/2"]
[ICCResult "Black stalemated"]
[WhiteElo "1832"]
[BlackElo "940"]
[Opening "QGD: Marshall defense"]
[ECO "D06"]
[NIC "QP.08"]
[Time "15:14:28"]
[PlyCount "133"]
[TimeControl "1500+5"]

1. d4 d5 2. c4 Nf6 3. cxd5 Qxd5 4. Nc3 Qa5 5. Nf3 Bg4 6. Ne5 Bf5 7. Qb3
Nbd7 8. Qxf7+ Kd8 9. Qb3 Nxe5 10. dxe5 Qxe5 11. Qxb7 Be4 12. Nxe4 Qxe4 13.
Qxe4 Nxe4 14. g3 Rb8 15. Bg2 Nf6 16. O-O e6 17. b3 Bd6 18. Rd1 Rb5 19. Bb2
Ke7 20. Bd4 Ra5 21. Rd2 Rb8 22. Rc1 g5 23. Rdc2 h6 24. Bc6 Nd5 25. Bxd5
exd5 26. Rd1 Ke6 27. Kg2 c5 28. Bg7 Bf8 29. Bc3 Ra3 30. Ba1 a5 31. e3 a4
32. bxa4 Rxa4 33. Rcd2 Rd8 34. f4 gxf4 35. gxf4 Rda8 36. Be5 Rxa2 37. Kg3
Rxd2 38. Rxd2 Bd6 39. Bxd6 Kxd6 40. Kg4 Ra3 41. e4 d4 42. Kf5 Re3 43. h4 d3
44. e5+ Kd5 45. e6 c4 46. Ra2 c3 47. Ra5+ Kc4 48. Re5 Re2 49. e7 Rxe5+ 50.
fxe5 d2 51. e8=Q d1=Q 52. Qf7+ Qd5 53. Qxd5+ Kxd5 54. e6 c2 55. e7 c1=Q 56.
e8=Q Qb1+ 57. Kf6 Qb6+ 58. Kg7 Qc7+ 59. Qf7+ Qxf7+ 60. Kxf7 h5 61. Kg6 Ke6
62. Kxh5 Kf7 63. Kh6 Kg8 64. Kg6 Kh8 65. h5 Kg8 66. h6 Kh8 67. h7 { Black
stalemated } 1/2-1/2

[Event "ICC tourney 2533 (25 5)"]
[Site "Internet Chess Club"]
[Date "2021.04.24"]
[Round "3"]
[White "MALLADI, SADKRITH:K09-15797710"]
[Black "KHATRI, AARUSHI:K09-17005313"]
[Result "1/2-1/2"]
[ICCResult "Game drawn by repetition"]
[WhiteElo "1897"]
[BlackElo "354"]
[Opening "Sicilian: closed"]
[ECO "B23"]
[NIC "SI.44"]
[Time "15:14:24"]
[PlyCount "98"]
[TimeControl "1500+5"]

1. e4 c5 2. Nc3 d6 3. f4 e6 4. Nf3 Ne7 5. Bb5+ Bd7 6. Bxd7+ Qxd7 7. O-O d5
8. d3 Nbc6 9. Qe1 g6 10. f5 dxe4 11. fxe6 fxe6 12. Nxe4 Bg7 13. Nxc5 Bd4+
14. Nxd4 Qxd4+ 15. Be3 Qe5 16. Qf2 O-O-O 17. Rae1 b6 18. Ne4 Qxb2 19. Ng5
Rd7 20. Nxe6 Qxa2 21. Qf6 Re8 22. Qf7 Rh8 23. Bg5 Qd5 24. Bf6 Nf5 25. Qxd7+
Qxd7 26. Bxh8 a5 27. g4 Nd6 28. Rf8+ Kb7 29. Rg8 Nf7 30. Bf6 Ka6 31. Ra8+
Kb7 32. Rg8 Ka6 33. Re8 Ka7 34. Rg8 Ka6 35. Rg7 Nb4 36. Rxh7 a4 37. Re4 a3
38. Ng5 Qc6 39. Rxf7 Qxc2 40. Ne6 Qd1+ 41. Kg2 Qd2+ 42. Kg1 Qd1+ 43. Kg2
Qd2+ 44. Kg1 Qd1+ 45. Kg2 Qd2+ 46. Kg1 Qd1+ 47. Kg2 Qd2+ 48. Kg1 Qd1+ 49.
Kg2 Qd2+ { Game drawn by repetition } 1/2-1/2